Map: Echo LE (Void)

Players

MarineLorD

  • Race: Terran Terran
  • Spawn Location: 11:00

Nerchio - Winner!

  • Race: Zerg Zerg
  • Spawn Location: 5:00

Event: WESG 2016 Finals

VOD

Have the link to the VOD?

Description

Time

  • Played on: Jan. 12, 2017, 3:32 a.m.
  • Length: 16:49

All games in this series

Show
View Real Time Build Order
Export as new Build Order

MarineLorD Terran 

Build Orders: Reaper Expand, MMM Bio 

Get SALT Encoding   

  12  0:00  SCV  
  13  0:13  SCV  
  14  0:17  Supply Depot  
  14  0:25  SCV  
  15  0:29  Refinery  
  15  0:38  SCV  
  16  0:43  Barracks  
  16  0:50  SCV  
  17  1:03  SCV  
  18  1:15  SCV  
  19  1:29  Orbital Command  
  19  1:30  Reaper  
  20  1:41  Command Center  
  20  1:53  Factory  
  20  1:55  SCV  
  21  2:04  Supply Depot  
  21  2:06  Barracks Reactor  
  21  2:08  SCV  
  22  2:13  Refinery  
  22  2:20  SCV  
  23  2:32  SCV  
  24  2:43  Starport  
  24  2:44  SCV  
  29  2:51  Hellion x2  
  29  2:57  Barracks Tech Lab, SCV  
  30  3:06  Orbital Command  
  30  3:09  SCV  
  31  3:13  Cyclone  
  34  3:22  Cyclone  
  34  3:23  SCV  
  38  3:29  Supply Depot  
  38  3:32  SCV  
  39  3:40  Supply Depot x2  
  39  3:52  SCV  
  38  4:00  Factory Reactor  
  38  4:01  SCV  
  38  4:02  Viking  
  41  4:03  Marine  
  41  4:07  SCV  
  43  4:11  Supply Depot  
  43  4:13  SCV  
  41  4:25  SCV x2  
  41  4:28  Barracks Tech Lab, Command Center  
  43  4:36  Raven  
  43  4:37  SCV  
  46  4:39  Hellion x2  
  46  4:42  SCV  
  51  4:50  SCV  
  51  4:51  Supply Depot  
  51  4:52  Marine  
  53  4:53  Stimpack  
  53  4:55  SCV  
  54  5:01  Hellion x2  
  54  5:02  SCV  
  59  5:07  SCV  
  59  5:14  SCV  
  61  5:18  Refinery  
  61  5:19  Refinery, SCV, Marine  
  61  5:21  Engineering Bay x2, Raven  
  63  5:26  SCV  
  66  5:31  SCV  
  66  5:34  Factory Reactor  
  67  5:38  SCV  
  67  5:40  Barracks  
  68  5:43  Barracks  
  68  5:44  Marauder  
  66  5:50  SCV  
  60  6:01  Orbital Command  
  60  6:02  SCV  
  58  6:11  Terran Infantry Armor Level 1, Terran Infantry Weapons Level 1  
  58  6:14  SCV x2  
  58  6:16  Marine  
  61  6:20  Starport Reactor  
  59  6:26  SCV x2  
  59  6:29  Siege Tank  
  59  6:30  Marine  
  59  6:31  Marine  
  66  6:35  Orbital Command  
  66  6:37  Barracks x2  
  66  6:38  SCV  
  67  6:41  SCV  
  68  6:50  Marine, SCV  
  68  6:51  Marine x3  
  68  6:53  Marine  
  74  7:00  Medivac x2  
  78  7:01  Siege Tank  
  78  7:03  SCV  
  78  7:04  SCV, Supply Depot  
  78  7:05  Supply Depot  
  83  7:09  SCV  
  83  7:12  Marine, Supply Depot  
  85  7:26  Marine x2, SCV x2  
  89  7:31  SCV  
  89  7:34  Siege Tank  
  89  7:36  Armory  
  93  7:38  SCV x2  
  93  7:40  Medivac  
  93  7:43  SCV  
  98  7:50  SCV x2  
  100  7:54  Barracks Tech Lab x2, Marauder  
  100  7:55  Marine x4, SCV  
  105  8:02  SCV x2  
  107  8:06  Refinery, Supply Depot  
  107  8:07  Refinery, Supply Depot  
  107  8:08  SCV  
  108  8:12  Marine  
  109  8:22  SCV  
  109  8:26  Barracks  
  109  8:27  Barracks x2, Marine x2  
  109  8:28  Marine, Marauder x3  
  109  8:31  Marine  
  109  8:32  Supply Depot  
  109  8:33  Supply Depot x2  
  122  8:39  Combat Shields  
  122  8:40  Concussive Shells  
  122  8:45  Marine  
  122  8:47  Marine  
  124  8:49  Marauder  
  124  8:54  Marauder  
  126  8:56  Terran Infantry Weapons Level 2, Terran Infantry Armor Level 2, Supply Depot  
  126  8:57  Marine x2, Supply Depot  
  125  9:03  Marauder, Marine  
  125  9:05  Marine  
  129  9:10  Marine  
  129  9:12  Siege Tank  
  129  9:13  Marine  
  129  9:14  Marine  
  129  9:15  Marauder  
  137  9:20  Marine x2  
  137  9:24  Marauder, Supply Depot  
  139  9:25  Supply Depot  
  139  9:26  Supply Depot  
  139  9:27  Command Center  
  139  9:28  Terran Vehicle Weapons Level 1  
  139  9:29  Marine x2  
  144  9:33  Barracks Tech Lab x2  
  143  9:39  Marauder  
  139  9:47  Siege Tank  
  139  9:49  Marine x2, Marauder  
  139  9:50  Marine  
  139  9:52  Marine x2  
  143  9:53  Marauder  
  143  9:56  Marine  
  143  9:57  Marauder  
  146  10:00  Marine  
  146  10:07  Marine x2  
  146  10:11  Marauder  
  146  10:13  Marine  
  146  10:14  Marauder  
  146  10:15  Marauder  
  146  10:16  Marine  
  146  10:18  Marauder x2  
  146  10:19  Siege Tank  
  148  10:29  Marine  
  148  10:30  Marine  
  148  10:32  Marauder  
  148  10:33  Marine  
  131  10:35  Marauder  
  131  10:36  Marauder  
  131  10:39  Marauder  
  129  10:44  Marine x2, Marauder  
  129  10:49  SCV x2  
  133  10:52  Marine x3  
  133  10:53  Marauder  
  133  10:54  Medivac  
  133  10:55  Medivac  
  142  11:03  Marine  
  145  11:10  Marine  
  145  11:11  Marauder, Marine x2  
  148  11:15  Missile Turret  
  152  11:20  Marine  
  152  11:21  Marine, Marauder  
  152  11:22  Terran Infantry Weapons Level 3  
  152  11:27  Marine x3  
  152  11:32  Marauder, Planetary Fortress  
  157  11:33  Marine  
  157  11:34  Marine x2  
  160  11:40  Marine x2  
  160  11:42  Marauder  
  160  11:44  Marine  
  160  11:45  Marine, Marauder  
  168  11:51  Marine x2  
  168  11:52  Marine  
  168  11:53  Marauder  
  170  11:58  Marine, Siege Tank  
  171  12:03  Marauder x2  
  162  12:12  Missile Turret  
  162  12:14  Marine, Marauder  
  165  12:16  Marine x2, Marauder  
  165  12:17  Marine x2  
  165  12:18  Refinery x2, Marauder  
  165  12:22  Medivac x2  
  176  12:24  Marine x2  
  176  12:32  Marine  
  176  12:36  Marauder  
  179  12:37  Marine x2  
  179  12:38  Marine  
  179  12:44  Missile Turret  
  181  12:47  Marine x2, Marauder  
  181  12:48  Marine  
  181  12:49  Marauder  
  180  12:53  Marine  
  180  12:57  Marauder  
  180  12:58  Missile Turret  
  183  12:59  Marine  
  183  13:04  Marine  
  163  13:07  Marauder  
  162  13:14  Marine x3  
  162  13:15  Marine  
  166  13:20  Medivac  
  166  13:23  Medivac  
  166  13:24  Marine  
  142  13:34  Marine  
  128  13:38  Marine  
  128  13:39  Marine x2  
  126  13:42  Marauder  
  126  13:43  Liberator x2  
  126  13:45  Marine  
  126  13:46  Marine  
  126  13:57  Starport  
  126  14:02  Marauder, Marine x2  
  136  14:12  Missile Turret  
  136  14:15  Marine, Marauder  
  136  14:16  Marauder  
  141  14:18  Marine  
  141  14:22  Marauder  
  144  14:33  Liberator  
  144  14:35  Command Center  
  144  14:37  Marine x3  
  147  14:41  Marine  
  147  14:42  Marauder  
  150  14:48  Liberator, Starport Reactor  
  155  15:11  Ghost Academy  
  155  15:15  Liberator  
  155  15:34  Orbital Command  
  155  15:35  Barracks Tech Lab  
  158  15:36  Liberator x2  
  158  15:42  Ghost x2  
  162  15:50  Bunker  
  146  16:13  Ghost x2  
  146  16:14  Ghost  
  146  16:15  Ghost  
  151  16:20  Marine x3  
  151  16:21  Marine x2  
  151  16:24  Marine  
Show
View Real Time Build Order
Export as new Build Order

Nerchio Zerg - Winner!

Build Orders: Pool First 

Get SALT Encoding   

  12  0:00  Drone  
  13  0:12  Overlord  
  13  0:16  Drone  
  14  0:31  Drone x2  
  14  0:34  Drone  
  17  0:42  Extractor  
  16  0:45  Drone  
  16  0:49  Spawning Pool  
  16  0:56  Drone  
  17  1:17  Hatchery  
  16  1:18  Drone  
  16  1:24  Drone  
  18  1:37  Roach Warren  
  18  1:38  Zergling x2  
  18  1:48  Queen  
  18  1:53  Drone  
  21  2:00  Overlord  
  21  2:18  Roach  
  21  2:19  Roach  
  21  2:22  Roach  
  27  2:29  Roach  
  29  2:31  Queen  
  31  2:38  Drone  
  32  2:47  Overlord  
  32  2:51  Drone x2  
  33  2:59  Drone, Overlord  
  34  3:06  Ravager x2  
  34  3:07  Ravager  
  34  3:08  Drone  
  34  3:10  Drone  
  40  3:12  Drone  
  40  3:17  Drone  
  40  3:18  Drone  
  42  3:21  Drone  
  42  3:24  Drone  
  44  3:28  Drone  
  44  3:29  Drone  
  46  3:37  Queen  
  48  3:48  Drone x2, Overlord  
  48  3:49  Drone  
  49  3:59  Drone x3  
  49  4:00  Drone x2  
  48  4:04  Metabolic Boost  
  48  4:10  Roach  
  48  4:11  Roach  
  52  4:18  Queen x2  
  52  4:23  Drone  
  52  4:24  Drone  
  58  4:30  Overlord  
  55  4:36  Drone x6  
  55  4:37  Overlord  
  60  4:45  Spore Crawler  
  59  4:56  Lair  
  59  4:57  Extractor x2  
  59  4:59  Zergling x6  
  60  5:00  Hatchery  
  60  5:02  Zergling x2  
  60  5:04  Drone x2  
  60  5:06  Drone  
  63  5:11  Overlord  
  63  5:18  Overlord  
  63  5:23  Overlord  
  63  5:31  Drone x5  
  63  5:32  Drone x2, Evolution Chamber, Extractor  
  68  5:41  Overlord  
  68  5:46  Roach x2  
  71  5:53  Roach  
  70  5:59  Roach  
  70  6:00  Drone x3  
  70  6:01  Zerg Ground Armor Level 1  
  70  6:02  Queen  
  75  6:04  Drone  
  75  6:05  Drone x3  
  78  6:11  Drone  
  78  6:13  Drone  
  78  6:15  Drone  
  81  6:19  Pneumatized Carapace  
  81  6:23  Drone x2  
  81  6:25  Queen  
  83  6:28  Overlord  
  83  6:31  Overlord  
  83  6:32  Overlord  
  85  6:33  Overseer  
  85  6:39  Evolution Chamber, Extractor  
  83  6:40  Extractor  
  83  6:42  Drone x4  
  83  6:43  Drone, Spore Crawler  
  83  6:45  Overlord  
  83  6:46  Drone  
  86  6:51  Roach  
  87  6:58  Roach  
  87  6:59  Roach x2  
  93  7:04  Drone x3  
  93  7:05  Overlord  
  93  7:06  Overlord  
  96  7:13  Roach x3  
  96  7:14  Roach x2  
  96  7:15  Glial Reconstitution  
  106  7:20  Roach x2  
  110  7:23  Zerg Missile Weapons Level 1  
  110  7:25  Drone x2  
  110  7:26  Drone  
  109  7:30  Drone x2  
  109  7:32  Drone x2  
  109  7:36  Infestation Pit  
  112  7:47  Roach x5  
  112  7:48  Roach  
  124  7:57  Drone x2  
  122  8:10  Zerg Ground Armor Level 2  
  122  8:11  Drone  
  123  8:17  Drone x4  
  123  8:18  Drone x2  
  123  8:19  Overlord, Hatchery  
  128  8:24  Hatchery  
  127  8:27  Ravager x3  
  127  8:28  Ravager x2  
  127  8:29  Infestor  
  127  8:30  Infestor  
  136  8:35  Infestor, Spine Crawler  
  133  8:45  Spine Crawler  
  130  8:50  Zergling x2  
  130  8:51  Zergling x14  
  138  8:59  Spine Crawler  
  138  9:00  Hive  
  138  9:01  Ravager x2  
  138  9:02  Ravager  
  140  9:04  Overlord x2  
  140  9:07  Drone x2  
  140  9:08  Drone  
  139  9:18  Infestor  
  139  9:21  Burrow  
  138  9:25  Drone x3  
  138  9:29  Roach x2  
  138  9:30  Hatchery  
  144  9:34  Roach x2  
  144  9:37  Roach  
  141  9:50  Zerg Melee Weapons Level 1  
  141  9:54  Infestor  
  141  9:55  Drone x3  
  141  9:56  Zergling x16  
  152  10:04  Roach x4  
  159  10:08  Roach x2  
  159  10:15  Ravager  
  159  10:21  Roach x2  
  158  10:23  Roach, Zergling x2  
  158  10:24  Overlord x2, Zergling x2  
  158  10:25  Overlord  
  136  10:37  Drone x2  
  136  10:38  Zerg Ground Armor Level 3  
  136  10:40  Adrenal Glands  
  138  10:43  Drone x3  
  138  10:44  Drone  
  142  10:56  Drone, Ravager x2  
  145  10:59  Ultralisk Cavern  
  144  11:06  Zergling x2  
  144  11:07  Zergling x4  
  147  11:14  Infestor  
  147  11:15  Zergling x20  
  147  11:16  Zergling x2  
  160  11:21  Baneling Nest  
  160  11:24  Overlord  
  159  11:27  Spore Crawler  
  159  11:28  Extractor  
  159  11:30  Spine Crawler x2  
  155  11:40  Zergling x24  
  167  11:49  Zergling x4  
  161  11:54  Ultralisk  
  161  11:58  Drone x4  
  161  12:01  Drone x2  
  155  12:02  Drone  
  150  12:13  Zergling x16  
  153  12:27  Ravager x2  
  155  12:32  Ultralisk x2  
  155  12:35  Overlord  
  167  12:38  Overlord  
  167  12:43  Overlord  
  166  12:44  Overlord  
  166  12:48  Zergling x10  
  160  12:54  Zergling x8  
  141  13:07  Zergling x20  
  140  13:13  Queen  
  140  13:15  Zergling x2  
  146  13:20  Ultralisk  
  133  13:30  Zergling x16  
  129  13:35  Zergling x6  
  132  13:42  Spore Crawler  
  132  13:46  Hatchery  
  132  13:48  Infestor  
  130  13:50  Infestor  
  130  13:55  Zerg Melee Weapons Level 2  
  134  14:00  Infestor  
  134  14:01  Infestor  
  138  14:07  Zergling x8  
  142  14:14  Ultralisk  
  148  14:19  Ultralisk  
  152  14:28  Infestor  
  154  14:32  Zergling x10  
  154  14:33  Zergling x8  
  163  14:41  Zergling x14  
  170  14:45  Centrifical Hooks  
  170  15:04  Spore Crawler  
  169  15:07  Drone x2  
  169  15:09  Hatchery, Extractor  
  166  15:23  Drone x4  
  166  15:24  Drone x5  
  166  15:27  Infestor  
  176  15:29  Hatchery  
  176  15:31  Spore Crawler  
  176  15:34  Zergling x6  
  176  15:41  Spire  
  172  15:52  Zergling x16  
  172  15:53  Zergling x2  
  172  15:57  Zergling x4  
  178  16:03  Ultralisk  
  183  16:11  Zergling x2  
  183  16:12  Zergling x10  
  189  16:45  Hatchery  
Tags
 
Add a new tag
Caveats
  • Supply blocks, unpowered buildings, or Contaminate may cause inaccurate times.
  • Supply counts are checked every 10 seconds.